 Dungeon Crawl Stone Soup version 0.30-a0-777-ga9a30cbeda (webtiles) character file.

Game seed: 2872160046340146810

39 Mickster the Covered (level 3, -1/31 HPs)
             Began as a Demigod Fighter on Feb 13, 2023.
             Slain by Crazy Yiuf
             ... wielding a +3 quarterstaff of chaos
              (5 damage)
             ... on level 3 of the Dungeon.
             The game lasted 00:11:45 (1023 turns).

Mickster the Covered (Demigod Fighter)              Turns: 1023, Time: 00:11:46

Health: -1/31      AC:  6    Str: 21    XL:     3   Next: 13%
Magic:  5/5        EV:  9    Int: 10    God:
Gold:   96         SH:  4    Dex: 13    Spells: 2/2 levels left

rFire   . . .      SeeInvis .    a - +0 war axe
rCold   . . .      Faith    .    c - +0 buckler
rNeg    . . .      Spirit   .    b - +0 scale mail
rPois   .          Reflect  .    (no helmet)
rElec   .          Harm     .    (no cloak)
rCorr   .          Rampage  .    (no gloves)
Will    .....                    (no boots) Stlth
                                 (no amulet)
HPRegen 0.25/turn                (no ring)
MPRegen 0.09/turn                (no ring)

@: mighty
A: high MP 1, forlorn, divine attributes
a: no special abilities


You were on level 3 of the Dungeon.
You visited 1 branch of the dungeon, and saw 3 of its levels.

You collected 96 gold pieces.

Inventory:

Hand Weapons
 a - a +0 war axe (weapon)
Missiles
 e - 31 stones (quivered)
Armour
 b - a +0 scale mail (worn)
 c - a +0 buckler (worn)
Magical Staves
 g - a staff of fire
Scrolls
 f - 2 scrolls of fog
 j - 2 scrolls of teleportation
Potions
 d - a potion of might
 h - a potion of brilliance
 i - a potion of curing {unknown}


   Skills:
 + Level 3.0 Fighting
 + Level 2.2 Axes
 + Level 3.1 Armour
 + Level 3.1 Shields


You had 2 spell levels left.
You didn't know any spells.
Your spell library contained the following spells:

 Spells                   Type           Power      Damage    Failure   Level
 Dazzling Flash           Conj/Hex       0%         N/A       99%         3
 Agony                    Necr           0%         N/A       100%        5
 Silence                  Hex/Air        0%         N/A       100%        5


Dungeon Overview and Level Annotations

Branches:
Dungeon (3/15)

Annotations:
D:3 Crazy Yiuf


Innate Abilities, Weirdness & Mutations

You have an increased reservoir of magic. (+10% MP)
You shall have no god before yourself.
Your divine heritage dramatically boosts your attributes as you level up.


Message History

f - 2 scrolls of fog (gained 1)
Found 9 gold pieces.
Found a stone staircase leading up.
You now have 96 gold pieces (gained 9).
Found a stone staircase leading down.
Found 2 scrolls of teleportation.
j - 2 scrolls of teleportation You slash the fungus!
The fungus begins to die.
The fungus is lightly damaged.
You slash the fungus!
The fungus begins to die.
You hit the fungus.
The fungus is lightly damaged.
You hit the fungus. You slash the fungus!
The fungus is lightly damaged.
You slash the fungus!
A nearby fungus withers and dies. x2
You hit the fungus.
The fungus begins to die.
The fungus is lightly damaged.
You slash the fungus!
The fungus is lightly damaged.
You slash the fungus!
The fungus is lightly damaged.
A nearby fungus withers and dies.
Found a hammer.
Found a runed translucent door.
Crazy Yiuf shouts!
Crazy Yiuf waves his quarterstaff at you.
You feel very mighty all of a sudden.
You open the door. You closely miss Crazy Yiuf. Crazy Yiuf closely misses you.
You slash Crazy Yiuf!
Crazy Yiuf is severely wounded.
Crazy Yiuf hits you with a +3 quarterstaff of chaos!
You are electrocuted!
Ouch! That really hurt!
* * * LOW HITPOINT WARNING * * *
Crazy Yiuf barely misses you.
You barely miss Crazy Yiuf.
Crazy Yiuf is severely wounded.
Crazy Yiuf hits you with a +3 quarterstaff of chaos.
You die...

#....######.#######
#....# #.# # #..PP#
#.# #. #..### #.#
#. ##.# #.# ## #.##
###.# ##.# #...####
#.## ##.....# ##@#
##.###.# #g#
#....#.# ### ...
#.^....# #.. #...#
##.....##.# #..)#
###..###.# #####
#......## #>....#..
#####.##. #.##.


You could see Crazy Yiuf.

Vanquished Creatures
  A worm (D:2)
  2 dart slugs
  4 ball pythons
  2 endoplasms
  A giant cockroach (D:1)
  A goblin (D:1)
  4 hobgoblins
  5 kobolds
  A quokka (D:1)
  2 bats (D:2)
  3 frilled lizards
  6 rats
32 creatures vanquished.

Vanquished Creatures (others)
  3 fungi (D:3)
3 creatures vanquished.

Grand Total: 35 creatures vanquished

Notes
Turn   | Place    | Note
-------+----------+-------------------------------------------
     0 | D:1      | Mickster the Demigod Fighter began the quest for the Orb.
     0 | D:1      | Reached XP level 1. HP: 18/18 MP: 3/3
   175 | D:1      | Reached XP level 2. HP: 25/25 MP: 4/4
   681 | D:2      | Reached XP level 3. HP: 27/30 MP: 5/5
  1015 | D:3      | Found a runed translucent door.
  1016 | D:3      | Noticed Crazy Yiuf
  1023 | D:3      | Slain by Crazy Yiuf

Illustrated notes

Levels and vault maps discovered:
D:1:      lightli_arrival_statue_moat, layout_loops_ring,
          nicolae_kite_square_tiling_tiny
D:2:      layout_loops_cross
D:3:      layout_loops_ring, general_overflow_altar, uniq_grinder,
          uniq_crazy_yiuf_cottage, uniq_robin

Skill      XL: |  1  2  3 |
---------------+----------+-----
Shields        | 3 |  3.1
Armour         | 3 |  3.1
Axes           | 2 |  2.2
Fighting       | 3 |  3.0

Action                     || total
---------------------------++-------
  Melee: War axe           ||    89
    Use: Scroll            ||     4
         Potion            ||     3
 Armour: Scale mail        ||    44
  Dodge: Dodged            ||    61
  Block: Buckler           ||    24

Table legend: (Time is in decaauts)
 A = Elapsed time spent in this place.
 B = Non-inter-level travel time spent in this place.
 C = Inter-level travel time spent in this place.
 D = Time resting spent in this place.
 E = Time spent auto-exploring this place.
 F = Levels seen in this place.
 G = Mean time per level.
                   A        B        C        D        E       F      G
               +--------+--------+--------+--------+--------+-----+--------+
         Total |   1063 |   1010 |     53 |      0 |      0 |   3 |  354.3 |
       Dungeon |   1063 |   1010 |     53 |      0 |      0 |   3 |  354.3 |
               +--------+--------+--------+--------+--------+-----+--------+

Top non-repeatable levels by time:
     D:2: 515 daAuts
     D:1: 446 daAuts
     D:3: 101 daAuts
